Capitals vs Maple Leafs
(R1)
Created - November 16, 2020 at 19:07
Goals
|
| Capitals |
1 |
3 |
2 |
6 |
| Maple Leafs |
1 |
0 |
0 |
1 |
|
Shots
|
| Capitals |
4 |
15 |
9 |
28 |
| Maple Leafs |
10 |
21 |
2 |
33 |
|
1st period
1. Maple Leafs , Patrick Kane 5 (Jake Guentzel 5, Brayden Schenn 11) at 13:27
2. Capitals , Patrick Sharp 9 (Mikko Koivu 3, Trevor Daley 3) at 19:14 (PP)
Penalties :
Joe Pavelski (Was) for Roughing (Minor) at 0:05, Jason Pominville (Was) for Roughing (Minor) at 11:26, Kevin Shattenkirk (Tor) for Roughing (Double Minor) at 16:17
2nd period
3. Capitals , Jason Pominville 9 (Torey Krug 4, Alexander Steen 8) at 3:33 (PP)
4. Capitals , Joe Pavelski 6 (Ryan Nugent-Hopkins 2, Brent Burns 4) at 6:32
5. Capitals , Derek Roy 4 (Ondrej Palat 2) at 10:52 (SH)
Penalties :
Braydon Coburn (Tor) for Roughing (Minor) at 2:58, Joe Pavelski (Was) for Tripping (Minor) at 10:34, Trevor Daley (Was) for Interference (Minor) at 16:04, Marc-Édouard Vlasic (Was) for Tripping (Minor) at 19:37
3rd period
6. Capitals , Mikko Koivu 1 (Ondrej Palat 3) at 11:42
7. Capitals , Derek Roy 5 (Brent Burns 5) at 19:33
Penalties :
Kyle Clifford (Tor) for Close Hand On Puck (Minor) at 4:10, Dany Heatley (Tor) for Holding (Minor) at 5:03, Joe Pavelski (Was) for Holding (Minor) at 13:53
Goalie Stats
Tuukka Rask (Was), 32 saves from 33 shots - (0.970), W, 7-2-2, 60:00 minutes
John Gibson (Tor), 10 saves from 14 shots - (0.714), L, 4-3-0, 30:52 minutes
Brian Elliott (Tor), 12 saves from 14 shots - (0.857), 29:08 minutes
Players Stats for Capitals
Player Name G A P +/- PIM S H SB GA TA FO MP PP MP PK MP
------------------------------------------------------------------------------------
Alexander Steen 0 1 1 0 0 1 2 0 0 1 0/0 16:54 2:35 1:23
Blake Wheeler 0 0 0 1 0 0 0 0 1 0 0/0 14:31 0:00 3:13
Brent Burns 0 2 2 4 0 0 0 2 1 0 0/0 28:38 3:41 6:20
Derek Roy 2 0 2 1 0 4 0 2 0 1 7/20 22:40 3:10 7:18
Jason Pominville 1 0 1 -1 2 3 0 0 0 0 0/1 18:05 2:35 2:33
Joe Pavelski 1 0 1 1 6 3 0 0 0 2 6/10 23:39 3:35 3:37
Josh Manson 0 0 0 0 0 1 2 1 0 0 0/0 11:26 0:00 0:57
Marc-Édouard Vlasic 0 0 0 0 2 1 1 1 0 0 0/0 10:15 0:00 0:00
Mikko Koivu 1 1 2 1 0 2 2 0 1 0 6/8 12:36 0:53 0:00
Ondrej Palat 0 2 2 2 0 4 2 0 1 0 5/7 14:55 0:00 3:32
Patrick Sharp 1 0 1 1 0 2 0 0 1 0 2/2 15:08 3:35 0:00
Roman Josi 0 0 0 0 0 1 0 0 0 0 0/0 2:19 0:00 1:01
Ryan Getzlaf 0 0 0 0 0 0 3 0 0 0 3/12 15:30 2:35 0:00
Ryan Nugent-Hopkins 0 1 1 1 0 2 1 0 0 0 1/2 7:52 0:00 2:12
Ryan Suter 0 0 0 -1 0 1 0 1 0 1 0/0 20:53 2:43 5:34
T.J. Oshie 0 0 0 1 0 1 0 1 0 0 0/0 6:03 0:14 0:00
Torey Krug 0 1 1 4 0 1 2 0 0 2 0/0 27:34 3:41 6:20
Trevor Daley 0 1 1 -1 2 1 0 0 1 2 0/0 19:02 2:43 3:36
Players Stats for Maple Leafs
Player Name G A P +/- PIM S H SB GA TA FO MP PP MP PK MP
------------------------------------------------------------------------------------
Andre Burakovsky 0 0 0 -1 0 0 0 0 0 0 0/0 9:49 0:00 0:00
Beau Bennett 0 0 0 -1 0 2 2 0 0 0 0/0 9:49 0:00 0:00
Ben Smith 0 0 0 0 0 3 0 1 0 1 3/3 16:58 5:00 1:21
Blake Comeau 0 0 0 -1 0 2 1 0 0 0 1/1 8:11 0:00 0:00
Brayden Schenn 0 1 1 -1 0 2 0 0 0 1 23/39 23:37 6:54 3:21
Braydon Coburn 0 0 0 -1 2 0 1 0 0 0 0/0 16:21 0:00 3:03
Calvin de Haan 0 0 0 -1 0 0 0 0 0 1 0/0 15:49 3:56 1:26
Chris Kelly 0 0 0 -1 0 2 2 0 0 0 2/3 8:11 0:00 0:00
Dany Heatley 0 0 0 -1 2 2 2 0 0 0 0/0 10:01 0:00 1:19
Hampus Lindholm 0 0 0 -1 0 2 1 0 2 0 0/0 25:07 3:56 3:21
Jake Guentzel 0 1 1 -1 0 2 3 0 0 0 0/2 19:59 6:54 0:00
John Klingberg 0 0 0 -1 0 5 2 1 1 0 0/0 22:27 7:58 0:30
Jordan Staal 0 0 0 -1 0 1 1 0 2 0 0/7 15:49 5:00 1:28
Kevin Shattenkirk 0 0 0 -1 4 2 2 1 1 1 0/0 26:46 7:58 1:20
Kyle Clifford 0 0 0 0 2 2 4 0 0 2 0/0 17:53 5:00 2:17
Mika Zibanejad 0 0 0 0 0 2 2 0 0 0 2/6 10:59 0:00 0:42
Patrick Kane 1 0 1 -1 0 4 1 0 2 0 1/1 21:12 6:54 1:13
Ryan Parent 0 0 0 -1 0 0 2 1 1 0 0/0 13:28 0:00 3:08
3 Stars
1 - Derek Roy (Was)
2 - Tuukka Rask (Was)
3 - Brent Burns (Was)
Power Play
Capitals - 2 on 5 Attempt(s) - 40.00%
Maple Leafs - 0 on 6 Attempt(s) - 0.00%
Penalty Kill
Capitals - 6 on 6 Attempt(s) - 100.00%
- Score 1 goal in Penalty Kill
Maple Leafs - 3 on 5 Attempt(s) - 60.00%
- Score 0 goal in Penalty Kill
Team Stat
Capitals - Hits : 15 - Faceoff Wins : 30 - Blocked Shots : 8 - Penalty Minutes : 12
Maple Leafs - Hits : 26 - Faceoff Wins : 32 - Blocked Shots : 4 - Penalty Minutes : 10
Official
Referees : Unknown
Linesman : Unknown
Game Notes
Brian Elliott enters game at 10:52 of 2nd period
Finance
Level 1 -- Attendance: 5333 (88.88%) -- Ticket Income $586,630
Level 2 -- Attendance: 3869 (77.38%) -- Ticket Income $270,830
Level 3 -- Attendance: 1581 (79.05%) -- Ticket Income $72,726
Level 4 -- Attendance: 2977 (74.43%) -- Ticket Income $89,310
Luxury Box -- Attendance: 983 (98.30%) -- Ticket Income $176,940
Game was played at the Maple Leafs Garden.
Total Attendance: 14743 (81.91%)
Total Ticket Income: $1,196,436
Other Income: $179,465
Total Income: $1,375,901
Capitals
5 vs 5 Forward
Center Left Wing Right Wing Time % Phy DF OF
1 Derek Roy Patrick Sharp Joe Pavelski 40 1 2 2
2 Ryan Getzlaf Alexander Steen Jason Pominville 30 1 2 2
3 Mikko Koivu Ondrej Palat Blake Wheeler 20 1 2 2
4 Ryan Nugent-Hopkins Joe Pavelski T.J. Oshie 10 1 2 2
5 vs 5 Defense
Defense Defense Time % Phy DF OF
1 Brent Burns Torey Krug 40 1 2 2
2 Trevor Daley Ryan Suter 30 1 2 2
3 Marc-Édouard Vlasic Josh Manson 20 1 2 2
4 Roman Josi Brent Burns 10 1 2 2
PowerPlay Forward
Center Left Wing Right Wing Time % Phy DF OF
1 Derek Roy Patrick Sharp Joe Pavelski 60 1 2 2
2 Ryan Getzlaf Alexander Steen Jason Pominville 40 1 2 2
PowerPlay Defense
Defense Defense Time % Phy DF OF
1 Brent Burns Torey Krug 60 1 2 2
2 Trevor Daley Ryan Suter 40 1 2 2
Penalty Kill 4 Players Forward
Center Wing Time % Phy DF OF
1 Joe Pavelski Derek Roy 60 1 2 2
2 Jason Pominville Blake Wheeler 40 1 2 2
Penalty Kill 4 Players Defense
Defense Defense Time % Phy DF OF
1 Brent Burns Torey Krug 60 1 2 2
2 Trevor Daley Ryan Suter 40 1 2 2
Penalty Kill - 3 Players Forward
Forward Time % Phy DF OF
1 Joe Pavelski 60 1 2 2
2 Derek Roy 40 1 2 2
Penalty Kill - 3 Players Defense
Defense Defense Time % Phy DF OF
1 Brent Burns Torey Krug 60 1 2 2
2 Trevor Daley Ryan Suter 40 1 2 2
4 vs 4 Forward
Center Wing Time % Phy DF OF
1 Joe Pavelski Derek Roy 60 1 2 2
2 Jason Pominville Blake Wheeler 40 1 2 2
4 vs 4 Defense
Defense Defense Time % Phy DF OF
1 Brent Burns Torey Krug 60 1 2 2
2 Trevor Daley Ryan Suter 40 1 2 2
Last Minutes Offensive
Center Left Wing Right Wing Defense Defense
Derek Roy Patrick Sharp Joe Pavelski Brent Burns Torey Krug
Last Minutes Defensive
Center Left Wing Right Wing Defense Defense
Derek Roy Patrick Sharp Joe Pavelski Brent Burns Torey Krug
Goaltenders
Starting : Tuukka Rask
Backup : Keith Kinkaid
Extra Forwards
Normal : Mikko Koivu, T.J. Oshie, Ondrej Palat - PP : Mikko Koivu, T.J. Oshie - PK : Ondrej Palat
Extra Defensemen
Normal : Marc-Édouard Vlasic, Josh Manson, Roman Josi - PP : Marc-Édouard Vlasic - PK : Josh Manson, Roman Josi
Penalty Shots
Joe Pavelski, Derek Roy, Jason Pominville, Blake Wheeler, Ryan Getzlaf
Scratches
Jeff Skinner (Healthy), Mike Green (Healthy)
Maple Leafs
5 vs 5 Forward
Center Left Wing Right Wing Time % Phy DF OF
1 Brayden Schenn Jake Guentzel Patrick Kane 40 1 2 2
2 Mika Zibanejad Kyle Clifford Ben Smith 30 1 2 2
3 Jordan Staal Andre Burakovsky Beau Bennett 20 1 2 2
4 Chris Kelly Dany Heatley Blake Comeau 10 1 2 2
5 vs 5 Defense
Defense Defense Time % Phy DF OF
1 Kevin Shattenkirk Hampus Lindholm 40 1 2 2
2 Braydon Coburn John Klingberg 30 1 2 2
3 Ryan Parent Calvin de Haan 20 1 2 2
4 Kevin Shattenkirk John Klingberg 10 1 2 2
PowerPlay Forward
Center Left Wing Right Wing Time % Phy DF OF
1 Brayden Schenn Jake Guentzel Patrick Kane 60 1 2 2
2 Jordan Staal Kyle Clifford Ben Smith 40 1 2 2
PowerPlay Defense
Defense Defense Time % Phy DF OF
1 Kevin Shattenkirk John Klingberg 60 1 2 2
2 Hampus Lindholm Calvin de Haan 40 1 2 2
Penalty Kill 4 Players Forward
Center Wing Time % Phy DF OF
1 Brayden Schenn Kyle Clifford 60 1 2 2
2 Jordan Staal Patrick Kane 40 1 2 2
Penalty Kill 4 Players Defense
Defense Defense Time % Phy DF OF
1 Braydon Coburn Ryan Parent 60 1 2 2
2 Kevin Shattenkirk Hampus Lindholm 40 1 2 2
Penalty Kill - 3 Players Forward
Forward Time % Phy DF OF
1 Brayden Schenn 60 1 2 2
2 Jordan Staal 40 1 2 2
Penalty Kill - 3 Players Defense
Defense Defense Time % Phy DF OF
1 Braydon Coburn Ryan Parent 60 1 2 2
2 Kevin Shattenkirk Hampus Lindholm 40 1 2 2
4 vs 4 Forward
Center Wing Time % Phy DF OF
1 Jordan Staal Patrick Kane 60 1 2 2
2 Brayden Schenn Kyle Clifford 40 1 2 2
4 vs 4 Defense
Defense Defense Time % Phy DF OF
1 Kevin Shattenkirk Braydon Coburn 60 1 2 2
2 John Klingberg Hampus Lindholm 40 1 2 2
Last Minutes Offensive
Center Left Wing Right Wing Defense Defense
Brayden Schenn Kyle Clifford Patrick Kane Kevin Shattenkirk John Klingberg
Last Minutes Defensive
Center Left Wing Right Wing Defense Defense
Jordan Staal Kyle Clifford Patrick Kane Kevin Shattenkirk Braydon Coburn
Goaltenders
Starting : John Gibson
Backup : Brian Elliott
Extra Forwards
Normal : Dany Heatley, Andre Burakovsky, Patrick Kane - PP : Dany Heatley, Patrick Kane - PK : Ben Smith
Extra Defensemen
Normal : Hampus Lindholm, Ryan Parent, Kevin Shattenkirk - PP : Hampus Lindholm - PK : Hampus Lindholm, Calvin de Haan
Penalty Shots
Patrick Kane, Andre Burakovsky, Brayden Schenn, Jordan Staal, Kyle Clifford
Scratches
None
% Time on Ice - Capitals
Lines # - Real PCT - Wanted PCT - Time Play
Normal Forward
1 - 29% - 40% - 12:13
2 - 31% - 30% - 12:56
3 - 27% - 20% - 11:17
4 - 13% - 10% - 5:16
Normal Defense
1 - 42% - 40% - 17:33
2 - 30% - 30% - 12:36
3 - 25% - 20% - 10:15
4 - 3% - 10% - 1:18
PP Forward
1 - 60% - 60% - 3:49
2 - 40% - 40% - 2:35
PP Defense
1 - 58% - 60% - 3:41
2 - 42% - 40% - 2:43
PK Forward
1 - 73% - 60% - 8:41
2 - 27% - 40% - 3:13
PK Defense
1 - 53% - 60% - 6:20
2 - 47% - 40% - 5:34
PK3 Forward
1 - 0% - 60%
2 - 0% - 40%
PK3 Defense
1 - 0% - 60%
2 - 0% - 40%
44 Forward
1 - 0% - 60%
2 - 0% - 40%
44 Defense
1 - 0% - 60%
2 - 0% - 40%
Last Minute Offensive - 0:00
Last Minute Defensive - 0:00
Total
Forward - 60:00
Defense - 60:00
|
% Time on Ice - Maple Leafs
Lines # - Real PCT - Wanted PCT - Time Play
Normal Forward
1 - 32% - 40% - 13:24
2 - 25% - 30% - 10:18
3 - 24% - 20% - 9:49
4 - 20% - 10% - 8:11
Normal Defense
1 - 40% - 40% - 16:40
2 - 34% - 30% - 14:20
3 - 20% - 20% - 8:25
4 - 5% - 10% - 2:17
PP Forward
1 - 58% - 60% - 6:54
2 - 42% - 40% - 5:00
PP Defense
1 - 67% - 60% - 7:58
2 - 33% - 40% - 3:56
PK Forward
1 - 77% - 60% - 4:05
2 - 23% - 40% - 1:13
PK Defense
1 - 40% - 60% - 2:07
2 - 60% - 40% - 3:11
PK3 Forward
1 - 77% - 60% - 0:51
2 - 23% - 40% - 0:15
PK3 Defense
1 - 92% - 60% - 1:01
2 - 8% - 40% - 0:05
44 Forward
1 - 0% - 60%
2 - 0% - 40%
44 Defense
1 - 0% - 60%
2 - 0% - 40%
Last Minute Offensive - 0:00
Last Minute Defensive - 0:00
Total
Forward - 60:00
Defense - 60:00
|
Play-by-Play
1st period
0:01 of 1st period - Patrick Sharp wins face-off versus Brayden Schenn in neutral zone.
0:05 of 1st period - Minor Penalty to Joe Pavelski for Roughing.
0:06 of 1st period - Ondrej Palat wins face-off versus Jake Guentzel in Capitals zone.
2:05 of 1st period - Penalty to Joe Pavelski is over, Joe Pavelski is back on ice.
2:20 of 1st period - Marc-Édouard Vlasic is hit by Chris Kelly and loses puck.
3:10 of 1st period - Derek Roy is hit by Beau Bennett.
3:59 of 1st period - Hampus Lindholm is hit by Mikko Koivu and loses puck.
5:06 of 1st period - Braydon Coburn is hit by Ryan Nugent-Hopkins and loses puck.
6:20 of 1st period - Brent Burns is hit by Kyle Clifford and loses puck.
7:28 of 1st period - Ryan Nugent-Hopkins is hit by John Klingberg and loses puck.
8:20 of 1st period - John Klingberg is hit by Torey Krug and loses puck.
8:31 of 1st period - Blake Wheeler is hit by Ryan Parent.
8:45 of 1st period - Slapshot by Patrick Kane.
8:45 of 1st period - Shot Misses the Net.
8:47 of 1st period - Wrist shot by Patrick Kane.
8:47 of 1st period - Shot Blocked by Josh Manson.
8:49 of 1st period - Snap shot by John Klingberg.
8:49 of 1st period - Deflect By Brayden Schenn.
8:49 of 1st period - Shot Misses the Net.
8:49 of 1st period - Puck is out of play.
8:50 of 1st period - Ben Smith wins face-off versus Derek Roy in Capitals zone.
8:55 of 1st period - Snap shot by Mika Zibanejad.
8:55 of 1st period - Stopped by Tuukka Rask without a rebound.
8:56 of 1st period - Mika Zibanejad wins face-off versus Derek Roy in Capitals zone.
9:05 of 1st period - Snap shot by Mika Zibanejad.
9:05 of 1st period - Shot Misses the Net.
9:07 of 1st period - Slapshot by Kevin Shattenkirk.
9:07 of 1st period - Shot Misses the Net.
9:09 of 1st period - Wrist shot by Mika Zibanejad.
9:09 of 1st period - Stopped by Tuukka Rask with a rebound.
9:11 of 1st period - Snap shot by Kyle Clifford.
9:11 of 1st period - Shot Blocked by Brent Burns.
9:21 of 1st period - Kevin Shattenkirk is hit by Torey Krug and loses puck.
9:30 of 1st period - Snap shot by Patrick Kane.
9:30 of 1st period - Shot Misses the Net.
9:32 of 1st period - Snap shot by Jake Guentzel.
9:32 of 1st period - Shot Misses the Net.
9:58 of 1st period - Andre Burakovsky is hit by Ondrej Palat and loses puck.
10:25 of 1st period - Snap shot by Beau Bennett.
10:25 of 1st period - Stopped by Tuukka Rask without a rebound.
10:26 of 1st period - Joe Pavelski wins face-off versus Brayden Schenn in Capitals zone.
10:33 of 1st period - Trevor Daley is hit by Jake Guentzel and loses puck.
10:38 of 1st period - Wrist shot by Patrick Kane.
10:38 of 1st period - Shot Misses the Net.
10:40 of 1st period - Wrist shot by Jake Guentzel.
10:40 of 1st period - Stopped by Tuukka Rask without a rebound.
10:41 of 1st period - Joe Pavelski wins face-off versus Mika Zibanejad in Capitals zone.
11:26 of 1st period - Minor Penalty to Jason Pominville for Roughing.
11:27 of 1st period - Brayden Schenn wins face-off versus Joe Pavelski in Capitals zone.
11:28 of 1st period - Snap shot by Patrick Kane.
11:28 of 1st period - Stopped by Tuukka Rask without a rebound.
11:29 of 1st period - Brayden Schenn wins face-off versus Derek Roy in Capitals zone.
11:30 of 1st period - Slapshot by Kevin Shattenkirk.
11:30 of 1st period - Stopped by Tuukka Rask with a rebound.
12:02 of 1st period - Backhand shot by Kevin Shattenkirk.
12:02 of 1st period - Shot Misses the Net.
12:04 of 1st period - Slapshot by John Klingberg.
12:04 of 1st period - Stopped by Tuukka Rask with a rebound.
12:06 of 1st period - Snap shot by Jordan Staal.
12:06 of 1st period - Shot Misses the Net.
12:32 of 1st period - Ryan Suter is hit by Kyle Clifford and loses puck.
12:43 of 1st period - Slapshot by Trevor Daley.
12:43 of 1st period - Shot Misses the Net.
12:45 of 1st period - Snap shot by Ryan Nugent-Hopkins.
12:45 of 1st period - Stopped by John Gibson without a rebound.
12:46 of 1st period - Ryan Nugent-Hopkins wins face-off versus Brayden Schenn in Maple Leafs zone.
13:09 of 1st period - Slapshot by Hampus Lindholm.
13:09 of 1st period - Stopped by Tuukka Rask without a rebound.
13:10 of 1st period - Joe Pavelski wins face-off versus Jordan Staal in Capitals zone.
13:19 of 1st period - Snap shot by Ben Smith.
13:19 of 1st period - Stopped by Tuukka Rask without a rebound.
13:20 of 1st period - Brayden Schenn wins face-off versus Joe Pavelski in Capitals zone.
13:26 of 1st period - Penalty to Jason Pominville is over, Jason Pominville is back on ice.
13:27 of 1st period - Wrist shot by Patrick Kane.
13:27 of 1st period - Goal by Patrick Kane - Capitals : 0 - Maple Leafs : 1.
13:28 of 1st period - Brayden Schenn wins face-off versus Derek Roy in neutral zone.
13:56 of 1st period - Kevin Shattenkirk is hit by Ryan Getzlaf and loses puck.
15:32 of 1st period - Off-side.
15:33 of 1st period - Derek Roy wins face-off versus Brayden Schenn in neutral zone.
15:43 of 1st period - Icing by Torey Krug.
15:44 of 1st period - Brayden Schenn wins face-off versus Derek Roy in Capitals zone.
15:54 of 1st period - Off-side.
15:55 of 1st period - Brayden Schenn wins face-off versus Derek Roy in neutral zone.
16:17 of 1st period - Double Minor Penalty to Kevin Shattenkirk for Roughing.
16:18 of 1st period - Brayden Schenn wins face-off versus Derek Roy in Maple Leafs zone.
19:04 of 1st period - Slapshot by Trevor Daley.
19:04 of 1st period - Shot Misses the Net.
19:06 of 1st period - Wrist shot by Patrick Sharp.
19:06 of 1st period - Stopped by John Gibson with a rebound.
19:08 of 1st period - Wrist shot by Ryan Suter.
19:08 of 1st period - Shot Misses the Net.
19:10 of 1st period - Slapshot by Trevor Daley.
19:10 of 1st period - Shot Misses the Net.
19:14 of 1st period - Snap shot by Patrick Sharp.
19:14 of 1st period - Goal by Patrick Sharp - Capitals : 1 - Maple Leafs : 1.
19:15 of 1st period - Brayden Schenn wins face-off versus Ryan Getzlaf in neutral zone.
19:30 of 1st period - Slapshot by Jason Pominville.
19:30 of 1st period - Stopped by John Gibson without a rebound.
19:31 of 1st period - Mika Zibanejad wins face-off versus Mikko Koivu in Maple Leafs zone.
19:40 of 1st period - Slapshot by Blake Wheeler.
19:40 of 1st period - Shot Misses the Net.
19:42 of 1st period - Wrist shot by Blake Wheeler.
19:42 of 1st period - Shot Misses the Net.
19:44 of 1st period - Snap shot by Mikko Koivu.
19:44 of 1st period - Shot Blocked by Ben Smith.
19:46 of 1st period - Slapshot by Mikko Koivu.
19:46 of 1st period - Shot Misses the Net.
19:48 of 1st period - Wrist shot by Blake Wheeler.
19:48 of 1st period - Shot Misses the Net.
Goals for this period are 1 for Capitals vs 1 for Maple Leafs.
Shots for this period are 4 for Capitals vs 10 for Maple Leafs.
2nd period
0:01 of 2nd period - Brayden Schenn wins face-off versus Derek Roy in neutral zone.
0:35 of 2nd period - Jason Pominville is hit by Kyle Clifford and loses puck.
0:58 of 2nd period - Wrist shot by Andre Burakovsky.
0:58 of 2nd period - Shot Misses the Net.
1:53 of 2nd period - Slapshot by Kevin Shattenkirk.
1:53 of 2nd period - Shot Blocked by Marc-Édouard Vlasic.
1:55 of 2nd period - Snap shot by Mika Zibanejad.
1:55 of 2nd period - Shot Misses the Net.
1:57 of 2nd period - Slapshot by Hampus Lindholm.
1:57 of 2nd period - Deflect By Marc-Édouard Vlasic.
1:57 of 2nd period - Stopped by Tuukka Rask with a rebound.
2:30 of 2nd period - Patrick Kane is hit by Ryan Getzlaf and loses puck.
2:52 of 2nd period - Patrick Sharp is hit by Kyle Clifford and loses puck.
2:58 of 2nd period - Minor Penalty to Braydon Coburn for Roughing.
2:59 of 2nd period - Brayden Schenn wins face-off versus Derek Roy in Maple Leafs zone.
3:11 of 2nd period - Snap shot by Kyle Clifford.
3:11 of 2nd period - Shot Misses the Net.
3:27 of 2nd period - Slapshot by Brent Burns.
3:27 of 2nd period - Shot Blocked by Ryan Parent.
3:29 of 2nd period - Slapshot by Alexander Steen.
3:29 of 2nd period - Stopped by John Gibson with a rebound.
3:31 of 2nd period - Slapshot by Torey Krug.
3:31 of 2nd period - Shot Misses the Net.
3:33 of 2nd period - Snap shot by Jason Pominville.
3:33 of 2nd period - Goal by Jason Pominville - Capitals : 2 - Maple Leafs : 1.
3:34 of 2nd period - Derek Roy wins face-off versus Brayden Schenn in neutral zone.
3:34 of 2nd period - Derek Roy is hit by Jake Guentzel.
3:47 of 2nd period - Slapshot by Brent Burns.
3:47 of 2nd period - Shot Misses the Net.
3:49 of 2nd period - Snap shot by Joe Pavelski.
3:49 of 2nd period - Stopped by John Gibson without a rebound.
3:50 of 2nd period - Ben Smith wins face-off versus Ryan Getzlaf in Maple Leafs zone.
3:50 of 2nd period - Ben Smith is hit by Alexander Steen.
3:58 of 2nd period - Mika Zibanejad is hit by Ryan Getzlaf and loses puck.
4:17 of 2nd period - Derek Roy is hit by Kevin Shattenkirk and loses puck.
4:40 of 2nd period - Snap shot by Blake Wheeler.
4:40 of 2nd period - Shot Misses the Net.
4:42 of 2nd period - Slapshot by Ryan Suter.
4:42 of 2nd period - Stopped by John Gibson with a rebound.
5:01 of 2nd period - Off-side.
5:02 of 2nd period - Blake Comeau wins face-off versus Ryan Getzlaf in neutral zone.
5:15 of 2nd period - Snap shot by Jason Pominville.
5:15 of 2nd period - Stopped by John Gibson with a rebound.
5:29 of 2nd period - Derek Roy is hit by Jake Guentzel and loses puck.
5:58 of 2nd period - Backhand shot by Ben Smith.
5:58 of 2nd period - Shot Misses the Net.
6:14 of 2nd period - Slapshot by John Klingberg.
6:14 of 2nd period - Shot Misses the Net.
6:32 of 2nd period - Wrist shot by Joe Pavelski.
6:32 of 2nd period - Goal by Joe Pavelski - Capitals : 3 - Maple Leafs : 1.
6:33 of 2nd period - Brayden Schenn wins face-off versus Derek Roy in neutral zone.
7:11 of 2nd period - Wrist shot by Kyle Clifford.
7:11 of 2nd period - Stopped by Tuukka Rask with a rebound.
7:50 of 2nd period - Slapshot by T.J. Oshie.
7:50 of 2nd period - Stopped by John Gibson without a rebound.
7:51 of 2nd period - Chris Kelly wins face-off versus Ryan Nugent-Hopkins in Maple Leafs zone.
8:08 of 2nd period - Ryan Nugent-Hopkins is hit by Dany Heatley and loses puck.
8:33 of 2nd period - Snap shot by Blake Comeau.
8:33 of 2nd period - Stopped by Tuukka Rask with a rebound.
8:48 of 2nd period - Off-side.
8:49 of 2nd period - Brayden Schenn wins face-off versus Ryan Getzlaf in neutral zone.
9:22 of 2nd period - Wrist shot by Ondrej Palat.
9:22 of 2nd period - Stopped by John Gibson without a rebound.
9:23 of 2nd period - Mikko Koivu wins face-off versus Mika Zibanejad in Maple Leafs zone.
9:26 of 2nd period - Snap shot by Mikko Koivu.
9:26 of 2nd period - Stopped by John Gibson without a rebound.
9:27 of 2nd period - Mikko Koivu wins face-off versus Mika Zibanejad in Maple Leafs zone.
10:34 of 2nd period - Minor Penalty to Joe Pavelski for Tripping.
10:35 of 2nd period - Ondrej Palat wins face-off versus Brayden Schenn in Capitals zone.
10:52 of 2nd period - Snap shot by Derek Roy.
10:52 of 2nd period - Goal by Derek Roy - Capitals : 4 - Maple Leafs : 1.
10:52 of 2nd period - Brian Elliott enters game.
10:53 of 2nd period - Brayden Schenn wins face-off versus Ondrej Palat in neutral zone.
10:56 of 2nd period - Snap shot by Kevin Shattenkirk.
10:56 of 2nd period - Stopped by Tuukka Rask with a rebound.
10:58 of 2nd period - Wrist shot by John Klingberg.
10:58 of 2nd period - Stopped by Tuukka Rask with a rebound.
11:00 of 2nd period - Snap shot by Jake Guentzel.
11:00 of 2nd period - Stopped by Tuukka Rask without a rebound.
11:01 of 2nd period - Brayden Schenn wins face-off versus Ondrej Palat in Capitals zone.
11:57 of 2nd period - Snap shot by Patrick Kane.
11:57 of 2nd period - Stopped by Tuukka Rask with a rebound.
12:01 of 2nd period - Wrist shot by Ben Smith.
12:01 of 2nd period - Stopped by Tuukka Rask with a rebound.
12:03 of 2nd period - Slapshot by Kyle Clifford.
12:03 of 2nd period - Shot Misses the Net.
12:05 of 2nd period - Snap shot by Ben Smith.
12:05 of 2nd period - Stopped by Tuukka Rask without a rebound.
12:06 of 2nd period - Ondrej Palat wins face-off versus Jordan Staal in Capitals zone.
12:19 of 2nd period - Wrist shot by Kyle Clifford.
12:19 of 2nd period - Deflect By Jordan Staal.
12:19 of 2nd period - Shot Blocked by Brent Burns.
12:19 of 2nd period - Puck is out of play.
12:20 of 2nd period - Ondrej Palat wins face-off versus Jordan Staal in Capitals zone.
12:34 of 2nd period - Penalty to Joe Pavelski is over, Joe Pavelski is back on ice.
12:39 of 2nd period - Wrist shot by Ondrej Palat.
12:39 of 2nd period - Stopped by Brian Elliott without a rebound.
12:40 of 2nd period - Brayden Schenn wins face-off versus Ryan Getzlaf in Maple Leafs zone.
13:09 of 2nd period - Kyle Clifford is hit by Ondrej Palat and loses puck.
13:24 of 2nd period - Wrist shot by Andre Burakovsky.
13:24 of 2nd period - Shot Misses the Net.
13:26 of 2nd period - Snap shot by Andre Burakovsky.
13:26 of 2nd period - Shot Blocked by Derek Roy.
13:30 of 2nd period - Wrist shot by Andre Burakovsky.
13:30 of 2nd period - Deflect By Beau Bennett.
13:30 of 2nd period - Shot Blocked by Derek Roy.
13:30 of 2nd period - Puck is out of play.
13:31 of 2nd period - Patrick Sharp wins face-off versus Brayden Schenn in Capitals zone.
14:28 of 2nd period - Backhand shot by Jason Pominville.
14:28 of 2nd period - Shot Misses the Net.
14:59 of 2nd period - Wrist shot by Brayden Schenn.
14:59 of 2nd period - Stopped by Tuukka Rask with a rebound.
15:09 of 2nd period - Torey Krug is hit by Ryan Parent and loses puck.
16:04 of 2nd period - Minor Penalty to Trevor Daley for Interference.
16:05 of 2nd period - Joe Pavelski wins face-off versus Brayden Schenn in Capitals zone.
16:16 of 2nd period - Slapshot by John Klingberg.
16:16 of 2nd period - Stopped by Tuukka Rask with a rebound.
16:18 of 2nd period - Slapshot by John Klingberg.
16:18 of 2nd period - Stopped by Tuukka Rask with a rebound.
16:20 of 2nd period - Wrist shot by John Klingberg.
16:20 of 2nd period - Deflect By Joe Pavelski.
16:20 of 2nd period - Stopped by Tuukka Rask with a rebound.
16:36 of 2nd period - Snap shot by Jordan Staal.
16:36 of 2nd period - Stopped by Tuukka Rask without a rebound.
16:37 of 2nd period - Brayden Schenn wins face-off versus Jason Pominville in Capitals zone.
16:40 of 2nd period - Wrist shot by Brayden Schenn.
16:40 of 2nd period - Stopped by Tuukka Rask with a rebound.
16:48 of 2nd period - Icing by Jake Guentzel.
16:49 of 2nd period - Joe Pavelski wins face-off versus Brayden Schenn in Maple Leafs zone.
16:58 of 2nd period - Snap shot by Joe Pavelski.
16:58 of 2nd period - Stopped by Brian Elliott with a rebound.
17:00 of 2nd period - Slapshot by Josh Manson.
17:00 of 2nd period - Stopped by Brian Elliott with a rebound.
17:02 of 2nd period - Snap shot by Derek Roy.
17:02 of 2nd period - Stopped by Brian Elliott with a rebound.
17:04 of 2nd period - Slapshot by Derek Roy.
17:04 of 2nd period - Shot Misses the Net.
17:06 of 2nd period - Slapshot by Roman Josi.
17:06 of 2nd period - Stopped by Brian Elliott without a rebound.
17:07 of 2nd period - Ben Smith wins face-off versus Joe Pavelski in Maple Leafs zone.
17:31 of 2nd period - Blake Wheeler is hit by Patrick Kane and loses puck.
18:04 of 2nd period - Penalty to Trevor Daley is over, Trevor Daley is back on ice.
18:09 of 2nd period - Slapshot by Patrick Kane.
18:09 of 2nd period - Stopped by Tuukka Rask with a rebound.
18:11 of 2nd period - Wrist shot by Dany Heatley.
18:11 of 2nd period - Stopped by Tuukka Rask without a rebound.
18:12 of 2nd period - Chris Kelly wins face-off versus Ryan Getzlaf in Capitals zone.
18:15 of 2nd period - Snap shot by Chris Kelly.
18:15 of 2nd period - Deflect By Dany Heatley.
18:15 of 2nd period - Stopped by Tuukka Rask without a rebound.
18:16 of 2nd period - Ryan Getzlaf wins face-off versus Chris Kelly in Capitals zone.
18:16 of 2nd period - Ryan Getzlaf is hit by Blake Comeau.
18:27 of 2nd period - Wrist shot by Chris Kelly.
18:27 of 2nd period - Stopped by Tuukka Rask with a rebound.
18:31 of 2nd period - Snap shot by Blake Comeau.
18:31 of 2nd period - Stopped by Tuukka Rask with a rebound.
19:03 of 2nd period - Snap shot by Chris Kelly.
19:03 of 2nd period - Stopped by Tuukka Rask without a rebound.
19:04 of 2nd period - Derek Roy wins face-off versus Brayden Schenn in Capitals zone.
19:37 of 2nd period - Minor Penalty to Marc-Édouard Vlasic for Tripping.
19:38 of 2nd period - Joe Pavelski wins face-off versus Jake Guentzel in Capitals zone.
Goals for this period are 3 for Capitals vs 0 for Maple Leafs.
Shots for this period are 15 for Capitals vs 21 for Maple Leafs.
3rd period
0:01 of 3rd period - Brayden Schenn wins face-off versus Joe Pavelski in neutral zone.
1:37 of 3rd period - Penalty to Marc-Édouard Vlasic is over, Marc-Édouard Vlasic is back on ice.
3:09 of 3rd period - Ondrej Palat is hit by Chris Kelly.
3:10 of 3rd period - Icing by Ondrej Palat.
3:11 of 3rd period - Brayden Schenn wins face-off versus Mikko Koivu in Capitals zone.
3:27 of 3rd period - Ondrej Palat is hit by John Klingberg and loses puck.
3:53 of 3rd period - Ryan Suter is hit by Mika Zibanejad and loses puck.
4:03 of 3rd period - Slapshot by Alexander Steen.
4:03 of 3rd period - Shot Blocked by Kevin Shattenkirk.
4:10 of 3rd period - Minor Penalty to Kyle Clifford for Close Hand On Puck.
4:11 of 3rd period - Brayden Schenn wins face-off versus Derek Roy in Maple Leafs zone.
4:23 of 3rd period - Wrist shot by Torey Krug.
4:23 of 3rd period - Stopped by Brian Elliott with a rebound.
5:03 of 3rd period - Minor Penalty to Dany Heatley for Holding.
5:04 of 3rd period - Derek Roy wins face-off versus Brayden Schenn in Maple Leafs zone.
5:21 of 3rd period - Slapshot by Derek Roy.
5:21 of 3rd period - Stopped by Brian Elliott without a rebound.
5:22 of 3rd period - Brayden Schenn wins face-off versus Ryan Getzlaf in Maple Leafs zone.
5:35 of 3rd period - Snap shot by Ryan Getzlaf.
5:35 of 3rd period - Shot Misses the Net.
5:57 of 3rd period - Slapshot by Trevor Daley.
5:57 of 3rd period - Stopped by Brian Elliott with a rebound.
6:10 of 3rd period - Penalty to Kyle Clifford is over, Kyle Clifford is back on ice.
7:03 of 3rd period - Penalty to Dany Heatley is over, Dany Heatley is back on ice.
7:21 of 3rd period - Snap shot by Kyle Clifford.
7:21 of 3rd period - Stopped by Tuukka Rask without a rebound.
7:22 of 3rd period - Mikko Koivu wins face-off versus Jordan Staal in Capitals zone.
8:12 of 3rd period - Blake Comeau is hit by Marc-Édouard Vlasic and loses puck.
8:25 of 3rd period - Slapshot by John Klingberg.
8:25 of 3rd period - Shot Misses the Net.
9:04 of 3rd period - Jake Guentzel is hit by Alexander Steen and loses puck.
9:21 of 3rd period - Josh Manson is hit by Dany Heatley and loses puck.
9:34 of 3rd period - Snap shot by Ryan Nugent-Hopkins.
9:34 of 3rd period - Stopped by Brian Elliott with a rebound.
9:54 of 3rd period - Snap shot by Jordan Staal.
9:54 of 3rd period - Shot Misses the Net.
10:39 of 3rd period - Icing by John Klingberg.
10:40 of 3rd period - Ryan Getzlaf wins face-off versus Mika Zibanejad in Maple Leafs zone.
10:41 of 3rd period - Backhand shot by Jason Pominville.
10:41 of 3rd period - Shot Hit the Post.
10:43 of 3rd period - Slapshot by Marc-Édouard Vlasic.
10:43 of 3rd period - Shot Misses the Net.
10:47 of 3rd period - Slapshot by Alexander Steen.
10:47 of 3rd period - Shot Blocked by John Klingberg.
10:49 of 3rd period - Slapshot by Marc-Édouard Vlasic.
10:49 of 3rd period - Stopped by Brian Elliott without a rebound.
10:50 of 3rd period - Patrick Kane wins face-off versus Ryan Getzlaf in Maple Leafs zone.
11:36 of 3rd period - Wrist shot by Ondrej Palat.
11:36 of 3rd period - Deflect By Mikko Koivu.
11:36 of 3rd period - Shot Misses the Net.
11:36 of 3rd period - Puck is out of play.
11:37 of 3rd period - Mikko Koivu wins face-off versus Jordan Staal in Maple Leafs zone.
11:38 of 3rd period - Wrist shot by Ondrej Palat.
11:38 of 3rd period - Stopped by Brian Elliott without a rebound.
11:39 of 3rd period - Mikko Koivu wins face-off versus Jordan Staal in Maple Leafs zone.
11:40 of 3rd period - Snap shot by Ondrej Palat.
11:40 of 3rd period - Stopped by Brian Elliott with a rebound.
11:42 of 3rd period - Snap shot by Mikko Koivu.
11:42 of 3rd period - Goal by Mikko Koivu - Capitals : 5 - Maple Leafs : 1.
11:43 of 3rd period - Derek Roy wins face-off versus Brayden Schenn in neutral zone.
12:10 of 3rd period - Brent Burns is hit by Mika Zibanejad and loses puck.
13:05 of 3rd period - Snap shot by Jordan Staal.
13:05 of 3rd period - Shot Blocked by Ryan Suter.
13:07 of 3rd period - Backhand shot by Braydon Coburn.
13:07 of 3rd period - Deflect By Beau Bennett.
13:07 of 3rd period - Stopped by Tuukka Rask with a rebound.
13:09 of 3rd period - Snap shot by Jordan Staal.
13:09 of 3rd period - Shot Blocked by T.J. Oshie.
13:11 of 3rd period - Slapshot by Braydon Coburn.
13:11 of 3rd period - Deflect By Jordan Staal.
13:11 of 3rd period - Shot Misses the Net.
13:11 of 3rd period - Puck is out of play.
13:12 of 3rd period - Ryan Getzlaf wins face-off versus Brayden Schenn in Capitals zone.
13:38 of 3rd period - Kyle Clifford is hit by Josh Manson and loses puck.
13:53 of 3rd period - Minor Penalty to Joe Pavelski for Holding.
13:54 of 3rd period - Ondrej Palat wins face-off versus Brayden Schenn in Capitals zone.
15:53 of 3rd period - Penalty to Joe Pavelski is over, Joe Pavelski is back on ice.
16:38 of 3rd period - Braydon Coburn is hit by Mikko Koivu.
16:48 of 3rd period - Andre Burakovsky is hit by Josh Manson and loses puck.
17:22 of 3rd period - Icing by Alexander Steen.
17:23 of 3rd period - Brayden Schenn wins face-off versus Ryan Getzlaf in Capitals zone.
17:28 of 3rd period - Snap shot by Jordan Staal.
17:28 of 3rd period - Shot Misses the Net.
17:30 of 3rd period - Slapshot by Kevin Shattenkirk.
17:30 of 3rd period - Deflect By Jordan Staal.
17:30 of 3rd period - Shot Misses the Net.
17:30 of 3rd period - Puck is out of play.
17:31 of 3rd period - Derek Roy wins face-off versus Jordan Staal in Capitals zone.
17:31 of 3rd period - Derek Roy is hit by Beau Bennett.
17:37 of 3rd period - Patrick Sharp is hit by Jordan Staal and loses puck.
17:43 of 3rd period - Josh Manson is hit by Kevin Shattenkirk and loses puck.
17:58 of 3rd period - Marc-Édouard Vlasic is hit by Hampus Lindholm and loses puck.
19:15 of 3rd period - Off-side.
19:16 of 3rd period - Mikko Koivu wins face-off versus Brayden Schenn in neutral zone.
19:27 of 3rd period - Off-side.
19:28 of 3rd period - Derek Roy wins face-off versus Brayden Schenn in neutral zone.
19:33 of 3rd period - Snap shot by Derek Roy.
19:33 of 3rd period - Goal by Derek Roy - Capitals : 6 - Maple Leafs : 1.
19:34 of 3rd period - Brayden Schenn wins face-off versus Derek Roy in neutral zone.
19:43 of 3rd period - Backhand shot by Patrick Sharp.
19:43 of 3rd period - Deflect By Derek Roy.
19:43 of 3rd period - Shot Misses the Net.
19:43 of 3rd period - Puck is out of play.
19:44 of 3rd period - Brayden Schenn wins face-off versus Derek Roy in Maple Leafs zone.
19:51 of 3rd period - Patrick Sharp is hit by Braydon Coburn and loses puck.
Goals for this period are 2 for Capitals vs 0 for Maple Leafs.
Shots for this period are 9 for Capitals vs 2 for Maple Leafs.